 Dungeon Crawl Stone Soup version 0.29.1-15-g9cfb28693d (webtiles) character file.

Game seed: 4927688160497506395

42 DemonSlayer the Digger (level 3, -2/24 HPs)
             Began as a Demonspawn Earth Elementalist on Feb 27, 2023.
             Engulfed by a cloud of poison gas (7 damage)
             ... on level 2 of the Dungeon.
             The game lasted 00:07:37 (2112 turns).

DemonSlayer the Digger (DsEE)                       Turns: 2112, Time: 00:07:38

Health: -2/24      AC:  2    Str:  7 (10) XL:     3   Next: 33%
Magic:  5/6        EV: 12    Int: 13 (16) God:
Gold:   47         SH:  0    Dex: 11 (13) Spells: 5/6 levels left

rFire   . . .      SeeInvis +   d - +4 short sword (protect)
rCold   . . .      Faith    .   (no shield)
rNeg    . . .      Spirit   .   a - +0 robe
rPois   .          Reflect  .   (no helmet)
rElec   .          Harm     .   (no cloak)
rCorr   .          Rampage  .   (no gloves)
Will    .....                   (no boots)
Stlth   ++........              (no amulet)
HPRegen 0.08/turn               k - ring of see invisible
MPRegen 0.10/turn               (no ring)

@: lethally poisoned (-2 -> -24)
A: hooves 1, demonic guardian 1
a: no special abilities


You were on level 2 of the Dungeon.
You visited 1 branch of the dungeon, and saw 3 of its levels.

You collected 47 gold pieces.

Inventory:

Hand Weapons
 d - a +4 short sword of protection (weapon)
Armour
 a - a +0 robe (worn)
Jewellery
 f - an amulet of magic regeneration
 k - a ring of see invisible (left hand)
Potions
 b - a potion of magic
 c - a potion of flight


   Skills:
 + Level 0.1 Short Blades
 + Level 2.0 Dodging
 + Level 2.0 Stealth
 + Level 2.4 Spellcasting
 + Level 0.8 Transmutations
 + Level 3.4 Earth Magic


You had 5 spell levels left.
You knew the following spells:

 Your Spells              Type           Power      Damage    Failure   Level
a - Sandblast             Erth           20%        2d7       6%          1

Your spell library contained the following spells:

 Spells                   Type           Power      Damage    Failure   Level
 Passwall                 Tmut/Erth      5%         N/A       16%         2
 Sting                    Tmut/Pois      8%         1d3       21%         1
 Stone Arrow              Conj/Erth      12%        3d7       34%         3
 Ensorcelled Hibernation  Hex/Ice        2%         N/A       36%         2
 Spider Form              Tmut/Pois      2%         N/A       52%         3
 Petrify                  Tmut/Erth      7%         N/A       69%         4
 Anguish                  Hex/Necr       0%         N/A       94%         4


Dungeon Overview and Level Annotations

Branches:
Dungeon (3/15)

Altars:

Shops:
D:2 *

Annotations:
D:2 Terence
D:3 Robin


Innate Abilities, Weirdness & Mutations

You have large cloven feet.
A weak demonic guardian rushes to your aid.


Message History

Your butterfly is poisoned.
Your butterfly is engulfed in poison gas.
Your butterfly is poisoned.
You kill your butterfly!
Your butterfly disappears in a burst of colours!
You hit Terence but do no damage.
Your weapon exudes an aura of protection.
You kick Terence, but do no damage.
Terence is lightly wounded.
You kill your butterfly!
Your butterfly disappears in a burst of colours!
Your butterfly is engulfed in poison gas.
Your butterfly is poisoned.
You kill your butterfly!
Your butterfly disappears in a burst of colours!
Your butterfly is engulfed in poison gas.
Your butterfly is poisoned.
You kill your butterfly!
Your butterfly disappears in a burst of colours!
Terence hits you but does no damage.
Unknown command.
Unknown command.
You hit Terence but do no damage.
Terence is lightly wounded.
Terence hits you with a +0 flail!
Unknown command.
You closely miss Terence. You kick Terence.
Terence is lightly wounded.
Terence hits you but does no damage.
You barely miss Terence.
Terence is lightly wounded.
Terence hits you with a +0 flail!
* * * LOW HITPOINT WARNING * * *
Terence misses you.
You aren't carrying any scrolls.
Okay, then.
Really walk into that cloud of poison gas?
You are engulfed in poison gas.
You are lethally poisoned!
You die...

.........# #○# ##..##..#
....∩...☼######○###
#...###.##
........§○§§○○§§§§# ##.#.#
#..# #.....##§°..☼.§§°#
#....# ##..
##..#..#☼☼....°§§# ##..###
### ## ##.§§....§.°☼#
##.@.# # ####§....§○☼#
#..### #○.§.@.§○###..#
#°§§°☼§@§☼§§..#
####§§§○○§§○§##.## ...
####. #..☼§§§☼§§§§##..###
##. #....
#.##§##§§§§§○.....# ...
#....##.#§.###☼§☼§§○..>.#
.### #....#..#.##
#..........# .
#......##.####..........#
..
#........)...............
#.......###...............


You could see Terence.

Vanquished Creatures
  6 endoplasms
  2 giant cockroaches
  3 goblins
  5 hobgoblins
  4 jackals
  4 kobolds
  3 quokkas (D:1)
  3 bats
  2 frilled lizards
  2 rats
34 creatures vanquished.

Notes
Turn   | Place    | Note
-------+----------+-------------------------------------------
     0 | D:1      | DemonSlayer the Demonspawn Earth Elementalist began the
                  | quest for the Orb.
     0 | D:1      | Reached XP level 1. HP: 13/13 MP: 3/3
   166 | D:1      | Reached skill level 3 in Earth Magic
   166 | D:1      | Gained mutation: A weak demonic guardian rushes to your
                  | aid. [demonic ancestry]
   166 | D:1      | Reached XP level 2. HP: 19/19 MP: 0/5
   222 | D:1      | Found a faded altar of an unknown god.
   227 | D:1      | Got Plato's Almanac of Variation
   658 | D:2      | Noticed Terence
  1828 | D:3      | Discovered your monstrous ancestry.
  1828 | D:3      | Gained mutation: You have large cloven feet. [demonic
                  | ancestry]
  1828 | D:3      | Reached XP level 3. HP: 20/24 MP: 4/6
  1839 | D:3      | Noticed Robin
  2081 | D:2      | Found Huenig's Assorted Antiques.
  2112 | D:2      | Engulfed by a cloud of poison gas

Illustrated notes

Levels and vault maps discovered:
D:1:      onia_arrival_pyramid, layout_rooms,
          shapermc_ecumenical_altar_rom_forum, hex_tiny
D:2:      layout_rooms, serial_shops, shop, uniq_terence,
          uniq_crazy_yiuf_cottage
D:3:      layout_rooms, mainiacjoe_overflow_surrounded_room,
          chequers_serial_rivers_large_a, uniq_robin

Skill      XL: |  1  2 |
---------------+-------+-----
Dodging        | 2 |  2.0
Earth Magic    | 3 |  3.4
Stealth        | 2 |  2.0
Short Blades   | |  0.1
Spellcasting   | |  2.4
Transmutations | |  0.8

Action                   || total
-------------------------++-------
Melee: Short sword       ||    33
       Kick              ||     4
       Punch             ||     1
Throw: Throwing net      ||     1
 Cast: Sandblast         ||    51
  Use: Scroll            ||     6
       Potion            ||     4
Armor: Robe              ||    18
Dodge: Dodged            ||    62
